 Dungeon Crawl Stone Soup version 0.29-a0-997-gf6f7e2dfe7 (webtiles) character file.

Game seed: 2978583700324119862

4691 Iflex the Spear-Bearer (level 10, -6/76 HPs)
             Began as a Merfolk Gladiator on July 22, 2022.
             Was a Priest of Qazlal.
             Mangled by a death yak (11 damage)
             ... on level 10 of the Dungeon on Aug 4, 2022.
             The game lasted 00:50:51 (13752 turns).

Iflex the Spear-Bearer (Merfolk Gladiator)         Turns: 13752, Time: 00:50:52

Health: -6/76      AC:  9    Str: 16    XL:     10   Next: 44%
Magic:  17/17      EV: 16    Int:  7    God:    Qazlal [***...]
Gold:   788        SH: 10    Dex: 19    Spells: 13/18 levels left

rFire   x . .      SeeInvis .   x - +4 spear (freeze)
rCold   + . .      Faith    .   w - +2 buckler
rNeg    . . .      Spirit   .   H - +0 troll leather armour
rPois   .          Reflect  .   c - +0 helmet
rElec   .          Harm     .   (no cloak)
rCorr   .          Rampage  .   (no gloves)
Will    .....                   (no boots)
Stlth   +.........              (no amulet)
HPRegen 1.02/turn               j - +4 ring of protection
MPRegen 0.15/turn               s - ring of ice

@: about to teleport
A: (nimble swimmer 2), mertail, sense surroundings 1, wild magic 1
a: Renounce Religion, Upheaval, Elemental Force


You were on level 10 of the Dungeon.
You worshipped Qazlal.
Qazlal was most pleased with you.
You visited 1 branch of the dungeon, and saw 11 of its levels.

You collected 788 gold pieces.

Inventory:

Hand Weapons
 a - a +0 trident
 x - a +4 spear of freezing (weapon)
Missiles
 E - 3 boomerangs (quivered)
Armour
 b - a +0 leather armour
 c - a +0 helmet (worn)
 t - a scarf of harm
 w - a +2 buckler (worn)
 H - a +0 troll leather armour (worn)
Magical Staves
 I - a staff of conjuration
Jewellery
 j - a +4 ring of protection (left hand)
 o - a ring of positive energy
 s - a ring of ice (right hand)
Wands
 l - a wand of roots (9)
Scrolls
 e - a scroll of silence {unknown}
 g - a scroll of butterflies
 h - 3 scrolls of teleportation
 k - a scroll of magic mapping {unknown}
 p - 2 scrolls of immolation {unknown}
 q - a scroll of summoning {unknown}
 r - 2 scrolls of brand weapon {unknown}
 y - 3 scrolls of poison
 B - a scroll of noise {unknown}
 J - a scroll of vulnerability {unknown}
 K - a scroll of enchant weapon
Potions
 d - a potion of lignification {unknown}
 f - a potion of attraction
 m - a potion of mutation
 n - a potion of resistance {unknown}
 u - a potion of magic {unknown}
 v - 2 potions of flight
 z - a potion of invisibility {unknown}
 A - 2 potions of heal wounds
 C - 2 potions of haste
 F - a potion of cancellation {unknown}
 G - a potion of might
Miscellaneous
 i - a box of beasts (inert)


   Skills:
 + Level 6.0 Fighting
 + Level 11.5 Polearms
 + Level 2.5 Throwing
 + Level 4.0 Armour
 + Level 7.5 Dodging
 - Level 1.4 Stealth
 * Level 1.6 Shields
 * Level 4.9 Spellcasting
 * Level 5.4 Invocations
 + Level 2.7 Evocations


You had 13 spell levels left.
You knew the following spells:

 Your Spells              Type           Power      Damage    Failure   Level
a - Gell's Gravitas       Tloc           2%         N/A       86%         3
b - Passwall              Tmut/Erth      1%         N/A       65%         2

Your spell library contained the following spells:

 Spells                   Type           Power      Damage    Failure   Level
 Magic Dart               Conj           8%         1d3       52%         1
 Ensorcelled Hibernation  Hex/Ice        6%         N/A       65%         2
 Scorch                   Fire           4%         2d5       65%         2
 Searing Ray              Conj           4%         2d4       65%         2
 Lesser Beckoning         Tloc           2%         N/A       86%         3
 Swiftness                Air            2%         N/A       86%         3
 Teleport Other           Tloc           2%         N/A       86%         3
 Flame Wave               Conj/Fire      2%         2d4       99%         4
 Fulminant Prism          Conj/Hex       1%         3d6       99%         4
 Dispersal                Tloc           1%         N/A       100%        6
 Summon Cactus Giant      Summ           1%         N/A       100%        6


Dungeon Overview and Level Annotations

Branches:
Dungeon (11/15)            Temple (0/1) D:6
   Lair: D:8-11         Orc: D:9-12

Altars:
Ashenzari
Cheibriados
Elyvilon
Fedhas
Makhleb
Nemelex Xobeh
Qazlal
Ru
Trog
Wu Jian
Zin

Shops:
D:1 [

Annotations:
D:4 3 runed translucent doors, NigelTetley's ghost, amateur OpTm


Innate Abilities, Weirdness & Mutations

((You are very nimble when in or above water. (Stealth+, EV+, Speed+++)))
Your lower body shifts to a powerful aquatic tail in water.
You passively map a small area around you.
Your spells are a little harder to cast, but a little more powerful.


Message History

Something barely misses you.
Your juvenile batweird beast closely misses something.
Your juvenile batweird beast barely misses something.
Something hits you but does no damage.
Deactivating autopickup; reactivate with Ctrl-A.
Throw: 3 boomerangs
Press: ? - help, Q - select action, (/) - cycle Shift-Dir - straight line, f/p - death yak
Aim: a death yak (lightly wounded, 81% to hit)
You throw a boomerang. The boomerang hits the death yak.
The death yak is lightly wounded.
Something hits you but does no damage. Something hits you. x2
Your juvenile batweird beast completely misses something.
Your juvenile batweird beast grabs something.
Your juvenile batweird beast constricts something.
You block something's attack.
Your juvenile batweird beast loses its grip on something.
Reach: x) +4 spear (freeze)
Press: ? - help, Dir - move target, f/p - death yak
Aim: a death yak (lightly wounded, about 15% to evade your +4 spear of freezing)
You reach to attack!
You hit the death yak but do no damage.
The death yak is lightly wounded.
You block something's attack. Something hits you but does no damage.
Your juvenile batweird beast hits something.
Your juvenile batweird beast completely misses something.
Something hits you. The death yak gores you!
The death yak gores you but does no damage.
You climb upwards.
Reactivating autopickup.
There is a stone staircase leading down here.
You can't go up here!
As you read the scroll of teleportation, it crumbles to dust.
You feel strangely unstable.
The death yak is struck by lightning.
The death yak gores you! The death yak gores you!!
You block the death yak's attack. The death yak gores you!!
* * * LOW HITPOINT WARNING * * *
The death yak attacks as you move away! The death yak barely misses you.
The death yak is struck by lightning.
You block the death yak's attack. The death yak attacks as you move away!
The death yak gores you!
You die...

...#.....#.######
...##...##......#
#.####.########.#########
#.# #..# #.........#
#.#*#..# ##..######.#
######## #...#### #.# .#
##8## #.#....# #.#
##*8...8* #...##.# #.#
#..... ### ###@##.###.#
##_....._#.####○YY......#
.##.....##.'....○...#####
###8...8##.####..>#.#
##.....#### ##.##.#
_....._ ####.# *#.....#*
#.# 8...8 #.# ##>## #.#


You could see 2 death yaks.

Vanquished Creatures
  3 trolls
  A shadow (D:9)
  2 wyverns (D:8)
  A water moccasin (D:7)
  2 sky beasts
  4 orc warriors
  2 ice beasts
  2 black bears
  A centaur (D:7)
  2 phantoms (D:6)
  A kobold brigand (D:10)
  5 bullfrogs
  3 necrophages
  2 gnoll sergeants (D:9)
  2 scorpions (D:6)
  A wight (D:8)
  4 killer bees (D:7)
  6 electric eels (D:8)
  3 howler monkeys
  3 hounds
  A jelly (D:7)
  6 orc priests
  An iguana (D:5)
  15 orc wizards
  5 gnolls (D:9)
  12 adders
  2 shadow imps (D:6)
  A white imp (D:6)
  4 dart slugs
  41 orcs
  An endoplasm (D:3)
  4 giant cockroaches
  10 goblins
  4 hobgoblins
  2 quokkas
  3 ball pythons
  2 bats (D:2)
  A frilled lizard (D:3)
  8 kobolds
  4 rats (D:1)
177 creatures vanquished.

Vanquished Creatures (others)
  11 plants (D:8)
11 creatures vanquished.

Grand Total: 188 creatures vanquished

Notes
Turn   | Place    | Note
-------+----------+-------------------------------------------
     0 | D:1      | Iflex the Merfolk Gladiator began the quest for the Orb.
     0 | D:1      | Reached XP level 1. HP: 16/16 MP: 1/1
   187 | D:1      | Found Wuuno's Armour Boutique.
   231 | D:1      | Reached XP level 2. HP: 17/22 MP: 2/2
   480 | D:1      | Upgraded the game from 0.29-a0-892-g2c4c91d9db to
                  | 0.29-a0-997-gf6f7e2dfe7
   604 | D:1      | Found a faded altar of an unknown god.
   702 | D:2      | Reached skill level 5 in Polearms
   702 | D:2      | Reached XP level 3. HP: 23/27 MP: 3/3
  1131 | D:2      | Reached XP level 4. HP: 12/34 MP: 4/4
  2125 | D:3      | Found a stormy altar of Qazlal.
  2140 | D:3      | Became a worshipper of Qazlal Stormbringer
  2167 | D:3      | Found a snail-covered altar of Cheibriados.
  2352 | D:3      | Found an ornate altar of the Wu Jian Council.
  2900 | D:4      | Reached skill level 1 in Armour
  3106 | D:4      | Reached XP level 5. HP: 31/40 MP: 5/5
  3109 | D:4      | Reached skill level 1 in Stealth
  3126 | D:4      | Reached skill level 6 in Polearms
  3224 | D:4      | Found a runed translucent gate.
  3224 | D:4      | Found a runed translucent gate.
  3224 | D:4      | Found a runed translucent gate.
  3225 | D:4      | Noticed NigelTetley's ghost (amateur OpTm)
  3225 | D:4      | Noticed a kobold brigand
  3514 | D:4      | Found a burning altar of Makhleb.
  3703 | D:5      | Entered Level 5 of the Dungeon
  3877 | D:5      | Reached XP level 6. HP: 22/47 MP: 6/6
  4076 | D:5      | Noticed a black bear
  4125 | D:5      | Found a sacrificial altar of Ru.
  4132 | D:5      | Reached * piety under Qazlal
  4273 | D:5      | Found a sparkling altar of Nemelex Xobeh.
  4380 | D:5      | Noticed an ice beast
  4415 | D:6      | Reached skill level 7 in Polearms
  4824 | D:6      | Reached skill level 5 in Dodging
  5096 | D:6      | Found a bloodstained altar of Trog.
  5283 | D:6      | Noticed a black bear
  5285 | D:6      | Gained mutation: Your magical capacity is low. (-10% MP)
                  | [potion of mutation]
  5285 | D:6      | Gained mutation: Armour fits poorly on your strangely
                  | shaped body. [potion of mutation]
  5285 | D:6      | Gained mutation: You are agile. (Dex +4, Str/Int -1)
                  | [potion of mutation]
  5286 | D:6      | Lost mutation: Armour fits poorly on your strangely shaped
                  | body. [potion of mutation]
  5286 | D:6      | Lost mutation: You are agile. (Dex +4, Str/Int -1) [potion
                  | of mutation]
  5286 | D:6      | Gained mutation: You are resistant to electric shocks.
                  | (rElec) [potion of mutation]
  5299 | D:6      | Killed a black bear
  5300 | D:6      | Reached skill level 1 in Spellcasting
  5300 | D:6      | Reached skill level 1 in Invocations
  5300 | D:6      | Reached XP level 7. HP: 42/52 MP: 7/7
  5655 | D:6      | Learned a level 3 spell: Gell's Gravitas
  5918 | D:6      | Found a staircase to the Ecumenical Temple.
  6222 | D:7      | Reached skill level 8 in Polearms
  6222 | D:7      | Reached XP level 8. HP: 53/60 MP: 8/9
  7029 | D:7      | Reached skill level 9 in Polearms
  7468 | D:5      | Reached ** piety under Qazlal
  7469 | D:5      | Lost mutation: Your magical capacity is low. (-10% MP)
                  | [potion of mutation]
  7469 | D:5      | Lost mutation: You are resistant to electric shocks.
                  | (rElec) [potion of mutation]
  7469 | D:5      | Gained mutation: Your spells are a little harder to cast,
                  | but a little more powerful. [potion of mutation]
  7469 | D:5      | Gained mutation: You are frail. (-10% HP) [potion of
                  | mutation]
  7469 | D:5      | Gained mutation: You passively map a small area around you.
                  | [potion of mutation]
  7469 | D:5      | Lost mutation: You are frail. (-10% HP) [potion of
                  | mutation]
  7580 | D:5      | Reached XP level 9. HP: 66/66 MP: 13/13
  8848 | D:9      | Noticed a troll
  9313 | D:8      | Reached skill level 10 in Polearms
  9314 | D:8      | Reached skill level 5 in Fighting
  9474 | D:8      | Reached skill level 1 in Evocations
  9709 | D:8      | Reached skill level 1 in Shields
 10875 | D:8      | Reached skill level 5 in Invocations
 11380 | D:9      | Reached XP level 10. HP: 39/74 MP: 16/16
 11382 | D:9      | Identified the +5 hand axe "Xumouxyv" {freeze, Will+++
                  | Int-3 Dex+5}
 11804 | D:9      | Reached skill level 11 in Polearms
 12133 | D:9      | Found a glowing silver altar of Zin.
 12583 | D:10     | Entered Level 10 of the Dungeon
 12931 | D:10     | Learned a level 2 spell: Passwall
 12951 | D:10     | Reached *** piety under Qazlal
 13105 | D:10     | Found a white marble altar of Elyvilon.
 13107 | D:10     | Found a blossoming altar of Fedhas.
 13180 | D:10     | Found a broken altar of Ashenzari.
 13738 | D:11     | Noticed a death yak
 13739 | D:11     | Noticed a death yak
 13742 | D:11     | Noticed a death yak
 13749 | D:10     | HP: 3/76 [death yak (23)]
 13752 | D:10     | Mangled by a death yak

Illustrated notes

Levels and vault maps discovered:
D:1:      lightli_arrival_maybe_door_vault, layout_rooms,
          ebering_ecumenical_altar_hall, serial_shops, shop
D:2:      layout_basic, st_stairs_6
D:3:      layout_basic, marbit_many_paths, grunt_qazlal_sundering,
          mainiacjoe_overflow_tiny_flanked, hex_large,
          chequers_serial_rivers_micro_e, saegor_snake_ambush
D:4:      layout_loops_ring, lemuel_coloured_pillars_altar,
          gammafunk_ghost_nasty_kobolds, kennysheep_generic_room_15
D:5:      layout_basic, mainiacjoe_overflow_catwalk, kennysheep_mini,
          grunt_ministairs_1
D:6:      layout_layer_cave, amcnicky_altar_gilded,
          minmay_temple_entry_enclosed_plants
D:7:      layout_gridville, minmay_statues_item
D:8:      minmay_skewed_foursquare, layout_layer_cave, kennysheep_small_spiral,
          chequers_big_river
D:9:      layout_stronghold, mainiacjoe_overflow_boulevard, david_orc_4,
          enter_bailey_2
D:10:     layout_loops_corners, nicolae_overflow_hidden_temple
D:11:     layout_cave_pools, dpeg_lair_monsters, serial_rivers,
          chequers_serial_rivers_room_b, chequers_serial_rivers_micro_e,
          chequers_serial_rivers_marsh, chequers_serial_rivers_room_a

Skill      XL: |  1  2  3  4  5  6  7  8  9 10 |
---------------+-------------------------------+-----
Polearms       | 5 6 7 8 9 10 11 | 11.5
Armour         | 1 2 3 4 |  4.0
Stealth        | 1 |  1.4
Fighting       | 3 4 5 6 |  6.0
Dodging        | 5 6 7 |  7.5
Spellcasting   | 1 2 3 4 |  4.9
Invocations    | 1 2 3 5 |  5.4
Evocations     | 2 |  2.7
Shields        | 1 |  1.6
Throwing       | |  2.5

Action                   |  1- 3 |  4- 6 |  7- 9 | 10-12 || total
-------------------------+-------+-------+-------+-------++-------
Melee: Trident           |    83 |   102 |       |       ||   185
       Punch             |     1 |     2 |     9 |     2 ||    14
       Spear             |       |   139 |   374 |   188 ||   701
       Tailslap          |       |       |     1 |       ||     1
Throw: Throwing net      |     3 |     1 |       |       ||     4
       Javelin           |       |     2 |     4 |     1 ||     7
       Boomerang         |       |       |       |     2 ||     2
Evoke: Wand              |       |       |    19 |     4 ||    23
       Box of beasts     |       |       |       |     1 ||     1
  Use: Scroll            |       |     4 |    10 |     3 ||    17
       Potion            |       |     8 |     5 |       ||    13
 Stab: Held in net/web   |     2 |       |       |       ||     2
       Sleeping          |     1 |     2 |       |       ||     3
Armor: Leather armour    |     8 |    57 |    63 |    11 ||   139
       Troll leather arm |       |       |       |    13 ||    13
Dodge: Dodged            |    32 |   108 |   132 |    63 ||   335
Block: Other             |       |       |    16 |     8 ||    24
       Buckler           |       |       |       |     6 ||     6

Table legend: (Time is in decaauts)
 A = Elapsed time spent in this place.
 B = Non-inter-level travel time spent in this place.
 C = Inter-level travel time spent in this place.
 D = Time resting spent in this place.
 E = Time spent auto-exploring this place.
 F = Levels seen in this place.
 G = Mean time per level.
                   A        B        C        D        E       F      G
               +--------+--------+--------+--------+--------+-----+--------+
         Total |  13435 |  13129 |    306 |   3359 |   7885 |  11 | 1221.4 |
       Dungeon |  13435 |  13129 |    306 |   3359 |   7885 |  11 | 1221.4 |
               +--------+--------+--------+--------+--------+-----+--------+

Top non-repeatable levels by time:
     D:8: 2722 daAuts
     D:6: 1830 daAuts
     D:7: 1501 daAuts
     D:9: 1379 daAuts
     D:5: 1177 daAuts
    D:10: 1127 daAuts
     D:3: 1087 daAuts
     D:2: 1083 daAuts
     D:4: 863 daAuts
     D:1: 653 daAuts
    D:11: 9 daAuts
